 Dungeon Crawl Stone Soup version 0.25-b1-23-ge2ad7d536c (webtiles) character file.

Game seed: 1783600625335145364, levelgen mode: deterministic

100 Dirian the Slasher (level 4, -4/40 HPs)
             Began as a Minotaur Fighter on May 28, 2020.
             Killed by divine providence
             ... invoked by an orc priest
              (15 damage)
             ... on level 3 of the Dungeon.
             The game lasted 00:01:39 (1704 turns).

Dirian the Slasher (Minotaur Fighter)               Turns: 1704, Time: 00:01:39

Health: -4/40      AC:  7    Str: 21    XL:     4   Next: 46%
Magic:  3/3        EV:  7    Int:  5    God:
Gold:   79         SH:  9    Dex: 10    Spells: 3/3 levels left

rFire    . . .     SeeInvis .   a - +0 long sword
rCold    . . .     Gourm    .   c - +0 kite shield
rNeg     . . .     Faith    .   b - +0 scale mail
rPois    .         Spirit   .   (helmet restricted)
rElec    .         Reflect  .   (no cloak)
rCorr    .         Harm     .   (no gloves)
MR       .....                  (no boots)
Stlth    ..........             (no amulet)
HPRegen  0.13/turn              (no ring)
MPRegen  0.08/turn              (no ring)

@: no status effects
A: retaliatory headbutt, horns 2
a: no special abilities


You were on level 3 of the Dungeon.
You were not hungry.

You visited 1 branch of the dungeon, and saw 3 of its levels.

You collected 79 gold pieces.

Inventory:

Hand Weapons
 a - a +0 long sword (weapon)
Armour
 b - a +0 scale mail (worn)
 c - a +0 kite shield (worn)
 g - a +0 chain mail
Jewellery
 j - a cursed amulet of inaccuracy {unknown}
Scrolls
 k - 2 scrolls of identify {unknown}
 l - a scroll of remove curse {unknown}
Potions
 d - a potion of might
 e - a potion of heal wounds {unknown}
 h - 4 potions of curing {unknown}
 i - 2 potions of stabbing {unknown}
 m - 2 potions of magic {unknown}
 n - a potion of mutation {unknown}
Comestibles
 f - 6 rations


   Skills:
 + Level 4.1 Fighting
 * Level 4.4 Long Blades
 + Level 4.2 Armour
 + Level 4.2 Shields


You had 3 spell levels left.
You didn't know any spells.
Your spell library was empty.

Dungeon Overview and Level Annotations

Branches:
Dungeon (3/15)

Altars:


Innate Abilities, Weirdness & Mutations

You reflexively headbutt those who attack you in melee.
You have a pair of horns on your head.


Message History

You are too injured to fight recklessly!
You are too injured to fight recklessly!
You are too injured to fight recklessly!
You are too injured to fight recklessly!
You are too injured to fight recklessly!
You are too injured to fight recklessly!
You are too injured to fight recklessly!
You are too injured to fight recklessly!
You are too injured to fight recklessly!
Unknown command.
You hit the orc priest.
The orc priest is severely wounded.
An orc priest comes into view. It is wielding a +0 whip.
You block the orc's attack.
The orc priest calls down the wrath of Beogh upon you.
Pain shoots through your body!
* * * LOW HITPOINT WARNING * * *
The orc priest calls down the wrath of Beogh upon you.
Beogh smites you!
You die...

###...# . .....
#.### #..#
#####.#o####..#
......).o..#..#
######..#.....#
......#..#รท.###
##%....o.#........
#.....@.#..######
#.......#.#####
####...<.......
#.#.##.#####
..(......#
###.##.#..# #. ..
.# # #.. # ..


You could see an orc priest and an orc.

Vanquished Creatures
  4 adders (D:2)
  An ooze (D:2)
  A leopard gecko (D:1)
  An orc (D:3)
  A ball python (D:1)
  3 giant cockroaches
  6 goblins
  A hobgoblin (D:1)
  11 jackals
  4 kobolds
  A quokka (D:2)
  7 bats
  5 frilled lizards
  8 rats
54 creatures vanquished.

Notes
Turn   | Place    | Note
-------+----------+-------------------------------------------
     0 | D:1      | Dirian the Minotaur Fighter began the quest for the Orb.
     0 | D:1      | Reached XP level 1. HP: 19/19 MP: 0/0
   106 | D:1      | Reached XP level 2. HP: 27/27 MP: 1/1
   686 | D:1      | Reached XP level 3. HP: 29/33 MP: 2/2
  1013 | D:2      | Reached XP level 4. HP: 40/40 MP: 3/3
  1704 | D:3      | Killed from afar by an orc priest

Illustrated notes

Levels and vault maps discovered:
D:1:      dpeg_arrival_tiny_d, layout_basic, st_stairs_7
D:2:      layout_loops_ring
D:3:      layout_basic, tgw_trog, minmay_crystal_room

Skill      XL: |  1  2  3 |
---------------+----------+-----
Long Blades    | 3 4 |  4.4
Shields        | 4 |  4.2
Armour         | 4 |  4.2
Fighting       | 4 |  4.1

Action                   |  1- 3 |  4- 6 || total
-------------------------+-------+-------++-------
Melee: Long sword        |    78 |    37 ||   115
       Headbutt          |    14 |     3 ||    17
  Eat: Chunk             |       |     3 ||     3
Armor: Scale mail        |    41 |    16 ||    57
Dodge: Dodged            |    29 |    11 ||    40
Block: Kite shield       |    39 |    24 ||    63
       Rpst.: Long sword |    10 |     2 ||    12
